 Dungeon Crawl Stone Soup version 0.27.0-1-g7a089689b8 (webtiles) character file.

Game seed: 11868484671770094935

459015 Majang the Executioner (level 23, 0/192 (210) HPs)
             Began as a Minotaur Berserker on Aug 11, 2021.
             Was the Champion of Trog.
             Slain by an ettin (2 damage)
             ... while paralysed by a floating eye
             ... on level 4 of the Depths on Aug 12, 2021.
             The game lasted 04:43:37 (71794 turns).

Majang the Executioner (Minotaur Berserker)        Turns: 71794, Time: 04:43:39

HP:   0/192 (210)   AC: 32    Str: 33    XL:     23   Next: 33%
MP:   22/22         EV:  2    Int:  7    God:    Trog [******]
Gold: 483           SH:  0    Dex: 14    Spells: 22/22 levels left

rFire    + . .     SeeInvis +   b - +6 executioner's axe of Pidadar {flame, Will++ SInv}
rCold    . . .     Faith    .   (shield currently unavailable)
rNeg     . . .     Spirit   .   d - +3 storm dragon scales {Bai Suzhen}
rPois    .         Reflect  .   (helmet restricted)
rElec    +         Harm     .   U - +2 cloak {Will+}
rCorr    .         Rampage  .   x - +2 pair of gloves {Dex+3}
Will     ++++.                  y - +2 pair of boots
Stlth    ..........             o - amulet of the acrobat
HPRegen  0.42/turn              p - +4 ring of evasion
MPRegen  0.18/turn              G - ring of Moral Flaws {rF+ Str+3 Int+2}

@: paralysed, studying Maces & Flails, drained
A: horns 2, retaliatory headbutt
}: 2/15 runes: decaying, serpentine
a: Renounce Religion, Berserk, Trog's Hand, Brothers in Arms


You were on level 4 of the Depths.
You worshipped Trog.
Trog was exalted by your worship.
You visited 9 branches of the dungeon, and saw 42 of its levels.
You visited 1 bazaar.
You also visited: Ice Cave.

You collected 4329 gold pieces.
You spent 3846 gold pieces at shops.

Inventory:

Hand Weapons
 a - the +7 great mace "Firestarter" {inner flame, rF++}
   (You took it off a fire giant on level 10 of the Dungeon)

   It burns those it strikes, dealing additional fire damage.
   It fills those it strikes with an explosive inner flame.
   It grants immunity to clouds of flame.
   rF:        It greatly protects you from fire.
 b - the +6 executioner's axe of Pidadar (weapon) {flame, Will++ SInv}
   (Trog gifted it to you on level 3 of the Vaults)

   It burns those it strikes, dealing additional fire damage.
   Big, fiery blades are also staple armaments of hydra-hunters.
   SInv:      It lets you see invisible.
   Will:      It greatly increases your willpower.
 j - a +3 great mace of holy wrath
 u - a +9 battleaxe of venom
 A - a +9 dire flail of freezing
 J - the +5 mace "Opliallo" {spect, rCorr Int+2}
   (You found it on level 2 of the Depths)

   When its wielder attacks, the weapon's spirit leaps out and strikes again.
   The spirit shares a part of any damage it takes with its wielder.
   Int:       It affects your intelligence (+2).
   rCorr:     It protects you from acid and corrosion.
 V - a +4 executioner's axe
Missiles
 C - 19 javelins
 D - 11 throwing nets
 H - 18 boomerangs (quivered)
 L - 3 silver boomerangs
 O - 13 silver javelins
Armour
 d - +3 storm dragon scales (worn) {Bai Suzhen}
 x - a +2 pair of gloves of dexterity (worn)
 y - a +2 pair of boots (worn)
 z - the +2 pair of gloves of Past Mistakes {rElec Int+3}
   (You bought it in a shop on level 3 of the Vaults)

   Int:       It affects your intelligence (+3).
   rElec:     It insulates you from electricity.
 U - a +2 cloak of willpower (worn)
Jewellery
 o - an amulet of the acrobat (around neck)
 p - a +4 ring of evasion (left hand)
 E - the amulet "Dutizaot" {Reflect rPois SH+5}
   (You bought it in a shop in a bazaar)

   [amulet of reflection]

   It reflects blocked missile attacks.
   rPois:     It protects you from poison.
   SH:        It affects your SH (+5).
 G - the ring of Moral Flaws (right hand) {rF+ Str+3 Int+2}
   (You found it in an ice cave)

   [ring of protection from fire]

   Str:       It affects your strength (+3).
   Int:       It affects your intelligence (+2).
   rF:        It protects you from fire.
 I - the ring "Faechude" {rC+ Str-4 Dex+2 Slay+3 Stlth+}
   (You found it in an ice cave)

   [ring of protection from cold]

   Str:       It affects your strength (-4).
   Dex:       It affects your dexterity (+2).
   Slay:      It affects your accuracy & damage with ranged weapons and melee
   (+3).
   rC:        It protects you from cold.
   Stlth:     It makes you more stealthy.
 Y - a ring of magical power
Wands
 e - a wand of acid (20)
 g - a wand of paralysis (54)
 l - a wand of digging (8)
 v - a wand of iceblast (9)
 B - a wand of mindburst (40)
Scrolls
 c - 8 scrolls of fog
 n - 26 scrolls of teleportation
 q - 8 scrolls of immolation
 w - 3 scrolls of holy word
 M - 7 scrolls of enchant armour
 Q - 2 scrolls of fear
 R - a scroll of blinking
 W - 2 scrolls of silence
 X - 2 scrolls of magic mapping
Potions
 f - 7 potions of curing
 h - a potion of cancellation
 i - 12 potions of might
 k - 2 potions of resistance
 m - 2 potions of invisibility
 s - 7 potions of attraction
 t - 6 potions of mutation
 F - 8 potions of heal wounds
 K - 3 potions of magic
 N - 13 potions of haste
 P - 4 potions of flight
 S - a potion of ambrosia
Miscellaneous
 r - a tin of tremorstones (2/2)
 T - a box of beasts
 Z - a condenser vane (inert)


   Skills:
 + Level 18.3 Fighting
 * Level 23.8(25.5) Axes
 - Level 17.4(22.5) Maces & Flails
 + Level 15.3 Throwing
 + Level 18.2 Armour
 + Level 16.9 Dodging
 + Level 15.3 Evocations


You had 22 spell levels left.
You didn't know any spells.
Your spell library was empty.

Dungeon Overview and Level Annotations

Branches:
Dungeon (15/15)            Temple (1/1) D:5            Lair (6/6) D:9
  Swamp (4/4) Lair:3        Snake (4/4) Lair:3        Slime (0/5) Lair:6
    Orc (2/2) D:10            Elf (2/3) Orc:2        Vaults (4/5) D:14
  Crypt (0/3) Vaults:3     Depths (4/5) D:15          IceCv (visited)

Altars:
Elyvilon
Fedhas
Makhleb
Qazlal
Ru
Sif Muna
Trog
Uskayaw
Vehumet
Xom
Zin
The Shining One
Beogh
Jiyva

Shops:
D:3 :   Orc:2 [*(?(   Snake:2 *   Vaults:3 :([   Vaults:4 !   Depths:1 *(*=(
Depths:3 =::[

Portals:
Hell: Depths:1 Depths:2 Depths:3
Abyss: Depths:1
Pandemonium: Depths:3

Annotations:
Depths:2 3 runed translucent doors, Viocziel's ghost, adept TrMo


Innate Abilities, Weirdness & Mutations

You have a pair of horns on your head.
You reflexively headbutt those who attack you in melee.


Message History

The elephant rages.
The glowing orange brain pulsates.
The glowing orange brain radiates an aura of fear!
You resist with almost no effort.
The ettin hits you with a +1 great mace of draining!
You feel drained. The ettin hits you but does no damage.
The ice dragon bites you!
The ice dragon claws you but does no damage.
The ice dragon tramples you but does no damage.
The floating eye's view fixates on you.
The glowing orange brain pulsates.
Something tries to feed on your intellect!
A caustic shrike comes into view.
The ettin hits you with a +0 dire flail!!
The ettin hits you with a +0 dire flail!
The ettin hits you with a +1 great mace of draining!
You feel drained.
The ettin hits you with a +0 dire flail!!
The ice dragon bites you but does no damage.
The ice dragon claws you but does no damage.
The ice dragon tramples you.
You are shoved backwards!
The ettin hits you with a +1 great mace of draining!!
* * * LOW HITPOINT WARNING * * *
You feel drained.
* * * LOW HITPOINT WARNING * * *
The ettin barely misses you.
The ice dragon bites you but does no damage.
The ice dragon claws you.
* * * LOW HITPOINT WARNING * * *
The ice dragon tramples you but does no damage.
The floating eye gazes piercingly through you!
You shrug off the repeated paralysis!
The ettin hits you but does no damage.
You feel drained.
The ettin hits you with a +0 dire flail!
* * * LOW HITPOINT WARNING * * *
The ice dragon breathes frost at you. The blast of cold hits you!!
* * * LOW HITPOINT WARNING * * *
The ettin hits you with a +0 dire flail.
You die...

.......######.###.#
####### .......#
#.# #.# .......#
#.###.#
.......######.....#
........#.....###.#
..#.###.#.##### #.#
#.#.....#.# ##.##
#.#.###.#.# ##...##
..#.....# #.@C..# #
#.#.#.# ##CDG##
#...#.#


#GCi# ####### #.GYbC# ......... ........... ............... ..$............
............... You could see a caustic shrike, a frost giant, an ice dragon
(catching breath), a stone giant, an elephant (summoned, berserk), 2 ettins, 2
glowing orange brains, a spriggan berserker and a floating eye.

Vanquished Creatures
  A juggernaut (Depths:2)
  Saint Roka (Vaults:1)
  Frederick (Vaults:2)
  Margery (Vaults:2)
  The ghost of Majang the Warrior, a veteran DjIE of Makhleb (Depths:3)
  Vashnia (Snake:2)
  Bai Suzhen (Vaults:2)
  4 caustic shrikes
  the Enchantress (Depths:3)
  Jorgrun (Snake:1)
  A tentacled monstrosity (Depths:3)
  A lich (Depths:2)
  Asterion (Snake:1)
  A deep elf blademaster (Elf:2)
  A thorn hunter (Swamp:4)
  7 sphinxes
  3 tengu reavers
  A storm dragon (Depths:3)
  5 frost giants
  A revenant (Vaults:3)
  6 fire giants
  7 nagarajas
  A rockslime (IceCv)
  A deep elf sorcerer (Vaults:1)
  2 fenstrider witches (Swamp:1)
  Aizul (Snake:1)
  Louise (Snake:3)
  9 vault wardens
  2 azure jellies (IceCv)
  An orc warlord (Vaults:1)
  A balrug (Depths:3)
  3 spriggan defenders
  18 very ugly things
  The ghost of Opsifuid the Severer, a journeyman BaBe of Trog (Elf:1)
  14 ironbound preservers
  5 quicksilver oozes (IceCv)
  A deep elf demonologist (Vaults:1)
  3 war gargoyles
  13 stone giants
  Nessos (D:12)
  Azrael (Snake:1)
  The ghost of runemage the Blocker, a journeyman GnFi of Ashenzari (Lair:4)
  6 dire elephants
  2 bunyips
  An entropy weaver (Vaults:1)
  A merfolk impaler (Depths:1)
  2 crystal guardians (Vaults:4)
  An eidolon (Vaults:3)
  2 eleionomae
  A fire dragon (Depths:1)
  A deep elf high priest (Depths:2)
  A merfolk javelineer (Depths:1)
  7 ettins
  2 shambling mangroves
  Josephine (D:13)
  6 yaktaur captains
  9 ice dragons
  5 great orbs of eyes
  5 peacekeepers (Vaults:4)
  Harold (D:11)
  11 ironbound thunderhulks
  A rakshasa (Depths:2)
  22 hydras
  4 salamander tyrants (Snake:4)
  4 vault guards
  A ghost crab (Swamp:3)
  13 naga warriors
  An ogre mage (D:14)
  2 boulder beetles
  8 ironbound frosthearts
  2 catoblepae
  4 spriggan air magi
  14 anacondas
  4 deep troll shamans
  12 two-headed ogres
  14 centaur warriors
  27 dancing weapons
  9 alligators
  6 deep troll earth magi
  11 naga sharpshooters
  7 tengu warriors
  3 ironbound beastmasters
  8 death yaks
  Urug (Lair:3)
  2 vampire magi
  6 shock serpents
  9 orc high priests
  6 spriggan berserkers
  10 deep elf knights
  4 iron trolls
  6 hell knights
  A sun demon (Depths:3)
  Sonja (D:11)
  7 salamander mystics
  A fire crab (shapeshifter) (D:14)
  6 skeletal warriors
  39 deep trolls
  3 goliath frogs
  A spectral anaconda (Lair:6)
  2 spriggan druids (Swamp:3)
  10 naga ritualists
  4 glowing orange brains
  14 swamp dragons
  2 lindwurms (Vaults:1)
  A lindwurm (shapeshifter) (Elf:2)
  A phantasmal warrior (D:15)
  A flayed ghost (Depths:3)
  10 deep elf archers
  14 ironbound convokers
  10 wizards
  7 orc knights
  2 orange crystal statues (IceCv)
  6 bog bodies
  An obsidian statue (Lair:6)
  34 deep elf pyromancers
  24 deep elf zephyrmancers
  An iron dragon zombie (D:15)
  7 necromancers
  50 ugly things
  4 cyclopes
  A sphinx skeleton (D:15)
  14 mana vipers
  4 manticores
  A stone giant zombie (Vaults:1)
  3 orc sorcerers (Orc:2)
  70 slime creatures
  4 will-o-the-wisps
  A human zombie (Vaults:1)
  2 centaur zombies (D:10)
  21 salamanders
  19 elephants
  11 naga magi
  A smoke demon (Depths:3)
  40 black mambas
  A frost giant skeleton (D:15)
  2 dire elephant zombies (Lair:6)
  18 vault sentinels
  A rust devil (Depths:3)
  4 guardian serpents
  A gargoyle (D:11)
  3 rime drakes
  A dire elephant skeleton (Lair:6)
  An elf zombie (Vaults:1)
  16 komodo dragons
  15 cane toads
  An efreet (D:15)
  3 freezing wraiths
  28 yaktaurs
  6 tengu conjurers
  An ice devil (Depths:3)
  6 entropy weaver simulacra (IceCv)
  7 trolls
  3 very ugly thing simulacra (IceCv)
  A bloated husk (Swamp:1)
  Prince Ribbit (D:6)
  12 hornets
  14 blink frogs
  9 tyrant leeches
  5 dream sheep (Lair:5)
  A deep troll zombie (D:15)
  2 spectral elephants (Lair:6)
  2 centaur simulacra
  4 redbacks (Vaults:1)
  8 water elementals
  An ettin skeleton (Vaults:1)
  2 shadows
  13 spriggans
  3 wyverns
  54 yaks
  5 fire bats (D:10)
  An air elemental (Elf:2)
  4 basilisks
  8 wraiths
  6 fire elementals
  A steam dragon (D:8)
  A hog (shapeshifter) (D:14)
  9 vampire mosquitoes
  Menkaure (D:6)
  2 acid dragons
  13 swamp worms
  11 wargs
  33 nagas
  5 demonic crawler simulacra (IceCv)
  11 water moccasins
  4 hell hounds (Snake:1)
  A sky beast (D:6)
  29 orc warriors
  12 swamp drakes
  8 ogres
  2 black bears
  A necrophage (D:4)
  An elephant skeleton (Lair:6)
  A boggart (D:14)
  6 centaurs
  12 wolves
  A phantom (D:6)
  3 kobold brigands
  22 bullfrogs
  3 scorpions
  4 earth elementals
  A gnoll sergeant (D:5)
  A cane toad simulacrum (Lair:6)
  A wyvern zombie (D:6)
  An elephant simulacrum (Lair:6)
  2 water moccasin skeletons
  14 killer bees
  5 electric eels
  8 wights (D:6)
  5 howler monkeys
  2 hounds
  6 jellies
  2 bullfrog skeletons
  32 orc priests
  A centaur skeleton (D:7)
  2 iguanas (D:5)
  20 orc wizards
  4 hell rats (D:9)
  13 gnolls
  A howler monkey skeleton (D:4)
  3 river rats (D:9)
  6 adders
  2 white imps
  An ufetubus (D:4)
  An adder skeleton (D:4)
  A worm (D:3)
  A dart slug (D:3)
  108 orcs
  4 endoplasms (D:7)
  2 giant cockroaches (D:2)
  5 goblins
  5 hobgoblins
  2 jackals (D:4)
  14 kobolds
  6 quokkas
  3 training dummies (Orc:2)
  7 ball pythons
  3 bats
  A frilled lizard (D:1)
  4 rats
  4 bushes (D:14)
  A butterfly (D:14)
1646 creatures vanquished.

Vanquished Creatures (collateral kills)
  A caustic shrike (Depths:1)
  2 centaur warriors (Vaults:3)
  A necromancer (Lair:6)
  An oklob plant (Lair:6)
5 creatures vanquished.

Vanquished Creatures (others)
  3 bloated husks
  3 bushes (D:14)
  5 foxfires
  50 fungi
  53 plants
  10 toadstools (D:7)
  29 withered plants
153 creatures vanquished.

Grand Total: 1804 creatures vanquished

Notes
Turn   | Place    | Note
-------+----------+-------------------------------------------
     0 | D:1      | Majang the Minotaur Berserker began the quest for the Orb.
     0 | D:1      | Reached XP level 1. HP: 19/19 MP: 0/0
   343 | D:1      | Reached XP level 2. HP: 26/27 MP: 1/1
   387 | D:1      | Found a faded altar of an unknown god.
  1562 | D:3      | Noticed an ogre
  1602 | D:3      | Reached XP level 3. HP: 29/33 MP: 2/2
  1667 | D:3      | Reached ** piety under Trog
  1796 | D:3      | Killed an ogre
  1797 | D:3      | Reached skill level 5 in Maces & Flails
  1797 | D:3      | Reached XP level 4. HP: 41/41 MP: 3/3
  1866 | D:3      | Found Ozaul's Book Emporium.
  1879 | D:3      | Reached XP level 5. HP: 47/47 MP: 4/4
  2138 | D:4      | Reached skill level 1 in Axes
  2183 | D:4      | Reached XP level 6. HP: 47/55 MP: 5/5
  2294 | D:4      | Reached skill level 2 in Axes
  2338 | D:4      | Found a glowing golden altar of the Shining One.
  2348 | D:4      | Reached skill level 5 in Fighting
  3009 | D:5      | Entered Level 5 of the Dungeon
  3018 | D:5      | Reached skill level 3 in Axes
  3018 | D:5      | Reached XP level 7. HP: 58/61 MP: 6/6
  3093 | D:5      | Reached *** piety under Trog
  3269 | D:5      | Reached skill level 4 in Axes
  3451 | D:5      | Found a staircase to the Ecumenical Temple.
  3460 | Temple   | Entered the Ecumenical Temple
  3906 | D:6      | Reached XP level 8. HP: 70/70 MP: 7/7
  3908 | D:6      | Reached skill level 5 in Armour
  3912 | D:6      | Reached skill level 1 in Throwing
  4104 | D:6      | Reached skill level 5 in Axes
  4135 | D:6      | Noticed Menkaure
  4152 | D:6      | Killed Menkaure
  4582 | D:6      | Noticed Prince Ribbit
  4591 | D:6      | Reached skill level 5 in Dodging
  4599 | D:6      | Killed Prince Ribbit
  4600 | D:6      | Reached skill level 6 in Axes
  5112 | D:7      | Reached XP level 9. HP: 78/78 MP: 8/8
  5482 | D:7      | You fall into a shaft and drop 3 floors!
  5482 | D:10     | Entered Level 10 of the Dungeon
  5489 | D:9      | Noticed a two-headed ogre
  5497 | D:9      | Killed a two-headed ogre
  5498 | D:9      | Reached skill level 7 in Axes
  5865 | D:8      | Reached **** piety under Trog
  6680 | D:7      | Killed a large slime creature
  6681 | D:7      | Reached skill level 8 in Axes
  6681 | D:7      | Reached XP level 10. HP: 74/86 MP: 9/9
  7126 | D:8      | Noticed a five-headed hydra
  7142 | D:8      | Killed a five-headed hydra
  7143 | D:8      | Reached skill level 10 in Maces & Flails
  8102 | D:9      | Noticed a death yak
  8103 | D:9      | Noticed a death yak
  8121 | D:9      | Noticed a death yak
  8124 | D:9      | Killed a death yak
  8125 | D:9      | Reached skill level 9 in Axes
  8133 | D:9      | Killed a death yak
  8133 | D:9      | Reached ***** piety under Trog
  8142 | D:9      | Killed a death yak
  8256 | D:9      | Found a staircase to the Lair.
  8726 | D:9      | Received a gift from Trog
  8728 | D:9      | Reached XP level 11. HP: 77/95 MP: 10/10
  9146 | Lair:1   | Entered Level 1 of the Lair of Beasts
  9238 | Lair:1   | Reached skill level 10 in Axes
  9238 | Lair:1   | Reached skill level 5 in Throwing
 10669 | Lair:2   | Noticed a four-headed hydra
 10680 | Lair:2   | Killed a four-headed hydra
 10732 | Lair:2   | Noticed a seven-headed hydra
 10859 | Lair:2   | Killed a seven-headed hydra
 10860 | Lair:2   | Reached skill level 11 in Axes
 11256 | Lair:3   | Noticed Urug
 11265 | Lair:3   | Killed Urug
 11380 | Lair:3   | Reached XP level 12. HP: 105/105 MP: 11/11
 11392 | Lair:3   | HP: 2/157 [komodo dragon (24)]
 11936 | Lair:3   | Reached skill level 1 in Evocations
 11977 | Lair:3   | Found a staircase to the Snake Pit.
 13073 | Lair:3   | Found a staircase to the Swamp.
 13096 | Lair:3   | Reached skill level 12 in Axes
 13502 | Lair:4   | Found a runed translucent door.
 13502 | Lair:4   | Noticed runemage's ghost (journeyman GnFi)
 14032 | Lair:4   | Noticed a catoblepas
 14056 | Lair:4   | Killed a catoblepas
 14057 | Lair:4   | Reached skill level 10 in Fighting
 14335 | Lair:4   | Received a gift from Trog
 14804 | Lair:4   | Killed runemage's ghost
 14850 | Lair:5   | Noticed a catoblepas
 14858 | Lair:5   | Killed a catoblepas
 14859 | Lair:5   | Reached XP level 13. HP: 113/113 MP: 12/12
 15223 | Lair:5   | Reached skill level 10 in Armour
 15375 | Lair:5   | Reached skill level 13 in Axes
 16219 | Lair:6   | Entered Level 6 of the Lair of Beasts
 17084 | Lair:6   | Found a viscous altar of Jiyva.
 17084 | Lair:6   | Found a staircase to the Slime Pits.
 17775 | Lair:6   | Noticed a dire elephant
 17775 | Lair:6   | Noticed a dire elephant
 17776 | Lair:6   | Noticed a dire elephant
 17793 | Lair:6   | Killed a dire elephant
 17797 | Lair:6   | Reached XP level 14. HP: 124/124 MP: 13/13
 18065 | Lair:6   | Reached skill level 14 in Axes
 18382 | Lair:6   | Reached skill level 10 in Dodging
 18737 | Lair:6   | Reached skill level 5 in Evocations
 19873 | D:10     | Found a staircase to the Orcish Mines.
 20292 | D:10     | Noticed a fire giant
 20352 | D:10     | Killed a fire giant
 20838 | Orc:1    | Entered Level 1 of the Orcish Mines
 21186 | Orc:2    | Entered Level 2 of the Orcish Mines
 21186 | Orc:2    | Found a staircase to the Elven Halls.
 21195 | Orc:2    | Reached skill level 15 in Maces & Flails
 21739 | Orc:2    | Found Toliw's Firing Range.
 22481 | Orc:2    | Identified the +8 quick blade "Riaj Foi" {vorpal, *Corrode
                  | rF++ Str+8} (Trog gifted it to you on level 2 of the Orcish
                  | Mines)
 22481 | Orc:2    | Received a gift from Trog
 22709 | Orc:2    | Found Filig's Magic Scroll Shop.
 22843 | Orc:2    | Found Kixkel's Weapon Emporium.
 22921 | Orc:2    | Found Kecuck's Assorted Antiques.
 22921 | Orc:2    | Found Goumnami's Antique Armour Emporium.
 22936 | Orc:2    | Bought a scroll of enchant weapon for 127 gold pieces
 22936 | Orc:2    | Bought a scroll of magic mapping for 59 gold pieces
 22936 | Orc:2    | Bought a scroll of identify for 34 gold pieces
 22936 | Orc:2    | Bought a murky black potion for 15 gold pieces
 22936 | Orc:2    | Bought a scroll of fear for 59 gold pieces
 22986 | Orc:2    | Bought a scroll of identify for 28 gold pieces
 22986 | Orc:2    | Bought a scroll of identify for 28 gold pieces
 22986 | Orc:2    | Bought a scroll of blinking for 105 gold pieces
 22986 | Orc:2    | Bought a scroll of enchant weapon for 105 gold pieces
 23377 | Orc:1    | Received a gift from Trog
 23821 | Orc:1    | Reached skill level 15 in Axes
 23849 | Orc:1    | Reached XP level 15. HP: 124/132 MP: 12/14
 24325 | Swamp:1  | Entered Level 1 of the Swamp
 24332 | Swamp:1  | Noticed a fenstrider witch
 24411 | Swamp:1  | Killed a fenstrider witch
 24668 | Swamp:1  | Noticed a fenstrider witch
 24674 | Swamp:1  | Killed a fenstrider witch
 25095 | Swamp:1  | Identified the +1 leather armour "Senaikhoq" {-Tele rElec
                  | rF++ Int+3}
 26274 | Swamp:2  | Identified the +3 war axe of Ruination {vorpal, Int+5 SInv}
 27440 | Swamp:3  | Received a gift from Trog
 28156 | Swamp:4  | Entered Level 4 of the Swamp
 29014 | Swamp:3  | Reached skill level 16 in Axes
 29288 | Swamp:4  | Reached XP level 16. HP: 76/141 MP: 7/15
 29537 | Swamp:4  | Noticed a thorn hunter
 30124 | Swamp:4  | Reached skill level 10 in Throwing
 30126 | Swamp:4  | Killed a thorn hunter
 30731 | Swamp:4  | Got a decaying rune of Zot
 31128 | Snake:1  | Entered Level 1 of the Snake Pit
 31162 | Snake:1  | Noticed Asterion
 31173 | Snake:1  | Killed Asterion
 31716 | Snake:1  | Noticed Aizul
 31728 | Snake:1  | Killed Aizul
 31831 | Snake:1  | Reached ****** piety under Trog
 31879 | Snake:1  | Noticed Jorgrun
 31885 | Snake:1  | Killed Jorgrun
 31923 | Snake:1  | Noticed Azrael
 33248 | Snake:1  | Killed Azrael
 33254 | Snake:1  | Received a gift from Trog
 34431 | Snake:2  | Found Kuduoqef's General Store.
 34441 | Snake:2  | Noticed Vashnia
 35094 | Snake:2  | Killed Vashnia
 35095 | Snake:2  | Reached skill level 17 in Axes
 35610 | Snake:2  | You fall into a shaft and drop 1 floor!
 35703 | Snake:3  | Reached XP level 17. HP: 122/150 MP: 11/16
 36207 | Snake:3  | Received a gift from Trog
 37249 | Snake:3  | Noticed Louise
 37275 | Snake:3  | Killed Louise
 37732 | Snake:2  | Bought a potion of haste for 130 gold pieces
 37732 | Snake:2  | Bought a potion of curing for 39 gold pieces
 37732 | Snake:2  | Bought a scroll of enchant armour for 97 gold pieces
 37732 | Snake:2  | Bought a scroll of teleportation for 39 gold pieces
 37732 | Snake:2  | Bought a scroll of fear for 45 gold pieces
 37732 | Snake:2  | Bought a scroll of fog for 26 gold pieces
 38626 | Snake:2  | Identified the +9 trident of Causality {flame, rF+ rC+
                  | Str+3}
 40214 | D:11     | Noticed Sonja
 40219 | D:11     | Killed Sonja
 40284 | D:11     | Noticed Harold
 40289 | D:11     | Killed Harold
 40426 | D:11     | Reached skill level 18 in Axes
 40776 | D:12     | Noticed Nessos
 40781 | D:12     | Killed Nessos
 41100 | D:12     | Received a gift from Trog
 41780 | D:13     | Noticed Josephine
 41785 | D:13     | Killed Josephine
 42451 | D:13     | Reached XP level 18. HP: 160/160 MP: 17/17
 42874 | D:14     | Identified the +5 mace of Cicsuaha {flame, *Corrode rElec
                  | Will+}
 42951 | D:14     | Found a gate to the Vaults.
 43337 | D:14     | Found a white marble altar of Elyvilon.
 43680 | D:14     | Received a gift from Trog
 43898 | D:14     | Identified the +6 scale mail "Mifunwu" {rElec Will++}
 44377 | D:15     | Entered Level 15 of the Dungeon
 44751 | D:15     | Found a staircase to the Depths.
 45202 | D:15     | Found a sacrificial altar of Ru.
 45644 | D:15     | Found a blossoming altar of Fedhas.
 45977 | Elf:1    | Entered Level 1 of the Elven Halls
 46028 | Elf:1    | Identified a scroll of acquirement
 46029 | Elf:1    | Acquired a manual of Evocations
 46115 | Elf:1    | Received a gift from Trog
 46116 | Elf:1    | Reached skill level 19 in Axes
 46360 | Elf:1    | Found a flickering gateway to a bazaar.
 46363 | Bazaar   | Entered a bazaar
 46363 | Bazaar   | Found Etiophat's Armour Boutique.
 46363 | Bazaar   | Found Rotyuc's Assorted Antiques.
 46363 | Bazaar   | Found Ytabom's Jewellery Shop.
 46363 | Bazaar   | Found Xiogol's Distillery.
 46366 | Bazaar   | Bought a +0 pair of gloves for 45 gold pieces
 46379 | Bazaar   | Bought the amulet "Dutizaot" {Reflect rPois SH+5} for 412
                  | gold pieces
 46391 | Bazaar   | Bought a potion of haste for 140 gold pieces
 46391 | Bazaar   | Bought a potion of might for 56 gold pieces
 46391 | Bazaar   | Bought a potion of heal wounds for 70 gold pieces
 46391 | Bazaar   | Bought a potion of might for 56 gold pieces
 46391 | Bazaar   | Bought a potion of mutation for 112 gold pieces
 46395 | Bazaar   | Bought a scroll of enchant weapon for 195 gold pieces
 46395 | Bazaar   | Bought a metallic emerald potion for 23 gold pieces
 46395 | Bazaar   | Bought a scroll labelled ULUOLLUBBU for 26 gold pieces
 46450 | Bazaar   | Bought a potion of haste for 260 gold pieces
 46450 | Bazaar   | Bought a scroll of teleportation for 78 gold pieces
 47099 | Elf:1    | Reached skill level 10 in Evocations
 47373 | Elf:1    | Found a runed translucent gate.
 47373 | Elf:1    | Found a runed translucent gate.
 47374 | Elf:1    | Found a runed translucent gate.
 47378 | Elf:1    | Noticed Opsifuid's ghost (journeyman BaBe)
 47537 | Elf:1    | Received a gift from Trog
 47613 | Elf:1    | Killed Opsifuid's ghost
 47736 | Elf:2    | Found a frozen archway.
 47762 | IceCv    | Entered an ice cave
 48247 | IceCv    | Reached skill level 15 in Fighting
 48520 | IceCv    | Reached XP level 19. HP: 72/170 MP: 18/18
 48817 | IceCv    | Found a viscous altar of Jiyva.
 48946 | IceCv    | Identified the ring of Moral Flaws {rF+ Str+3 Int+2}
 48954 | IceCv    | Got the ring "Faechude" {rC+ Str-4 Dex+2 Slay+3 Stlth+}
 49264 | Elf:2    | Paralysed by an air elemental for 1 turns
 49844 | Elf:2    | Received a gift from Trog
 49923 | Elf:2    | Found a runed translucent gate.
 49923 | Elf:2    | Found a runed translucent gate.
 49923 | Elf:2    | Found a runed translucent gate.
 50598 | Elf:2    | Reached skill level 15 in Armour
 52138 | Vaults:1 | Entered Level 1 of the Vaults
 52395 | Snake:4  | Entered Level 4 of the Snake Pit
 53058 | Snake:4  | Reached skill level 20 in Axes
 53162 | Snake:4  | Received a gift from Trog
 54593 | Snake:4  | Got a serpentine rune of Zot
 54970 | Vaults:1 | Received a gift from Trog
 55729 | Vaults:1 | Reached XP level 20. HP: 90/180 MP: 19/19
 56060 | Vaults:1 | Noticed Saint Roka
 56080 | Vaults:1 | Killed Saint Roka
 57051 | Vaults:1 | Received a gift from Trog
 57763 | Vaults:1 | Reached skill level 21 in Axes
 58458 | Vaults:2 | Reached skill level 15 in Dodging
 58842 | Vaults:2 | Noticed Margery
 58859 | Vaults:2 | Killed Margery
 59322 | Vaults:2 | Received a gift from Trog
 59327 | Vaults:2 | Noticed Frederick
 59345 | Vaults:2 | Killed Frederick
 59368 | Vaults:2 | Noticed Bai Suzhen
 59405 | Vaults:2 | Killed Bai Suzhen
 59642 | Vaults:2 | You fall into a shaft and drop 1 floor!
 59856 | Vaults:2 | Reached XP level 21. HP: 153/189 MP: 20/20
 60997 | Vaults:3 | Identified the +6 executioner's axe of Pidadar {flame,
                  | Will++ SInv} (Trog gifted it to you on level 3 of the
                  | Vaults)
 60997 | Vaults:3 | Received a gift from Trog
 61816 | Vaults:3 | Found a staircase to the Crypt.
 61894 | Vaults:3 | Found Lyimouwk's Antique Weapon Emporium.
 61914 | Vaults:3 | Found Dyof's Armour Shoppe.
 61923 | Vaults:3 | Bought the +2 pair of gloves of Past Mistakes {rElec Int+3}
                  | for 800 gold pieces
 62199 | Vaults:3 | Found Yfiuz's Book Shop.
 62299 | Vaults:3 | Reached skill level 22 in Axes
 62880 | Vaults:4 | Identified the +8 great mace of Responsibility {vorpal,
                  | rElec rF+ rC+ Int-4} (Trog gifted it to you on level 4 of
                  | the Vaults)
 62880 | Vaults:4 | Received a gift from Trog
 64294 | Vaults:4 | Found Waivim's Distillery.
 64302 | Vaults:4 | Bought a potion of heal wounds for 75 gold pieces
 64302 | Vaults:4 | Bought 2 potions of heal wounds for 150 gold pieces
 64302 | Vaults:4 | Bought a potion of curing for 45 gold pieces
 64302 | Vaults:4 | Bought a potion of heal wounds for 75 gold pieces
 64302 | Vaults:4 | Bought a potion of might for 60 gold pieces
 64566 | Vaults:4 | Reached XP level 22. HP: 195/200 MP: 21/21
 65094 | Depths:1 | Entered Level 1 of the Depths
 65094 | Depths:1 | Found Gyejiat's Assorted Antiques.
 65094 | Depths:1 | Noticed a caustic shrike
 65094 | Depths:1 | Noticed a caustic shrike
 65094 | Depths:1 | Noticed a caustic shrike
 65094 | Depths:1 | Noticed a caustic shrike
 65094 | Depths:1 | Noticed a caustic shrike
 65456 | D:14     | Killed a caustic shrike
 66058 | D:14     | Killed a caustic shrike
 66058 | D:14     | Received a gift from Trog
 66348 | D:15     | Killed a caustic shrike
 66670 | Depths:1 | Bought a potion of invisibility for 232 gold pieces
 66677 | Depths:1 | Identified the +1 war axe "Dimm" {elec, +Blink Str+3}
 66699 | Depths:1 | Killed a caustic shrike
 66702 | Depths:1 | Killed a caustic shrike
 66727 | Depths:1 | Found Robokli's Antique Weapon Emporium.
 66731 | Depths:1 | Found Adufucoq's General Store.
 67219 | Depths:1 | Found a stormy altar of Qazlal.
 67399 | Depths:1 | Found Dukokas's Weapon Boutique.
 67408 | Depths:1 | Found Duasselu's Jewellery Emporium.
 67508 | Depths:1 | Found a gateway to Hell.
 67561 | Depths:1 | Found a one-way gate to the infinite horrors of the Abyss.
 67701 | Depths:2 | Reached skill level 23 in Axes
 67925 | Depths:2 | Found a runed translucent gate.
 67925 | Depths:2 | Found a runed translucent gate.
 67925 | Depths:2 | Found a runed translucent gate.
 67926 | Depths:2 | Noticed Viocziel's ghost (adept TrMo)
 67926 | Depths:2 | Noticed a dread lich
 67984 | Depths:2 | Noticed a juggernaut
 68001 | Depths:2 | Killed a juggernaut
 68329 | Depths:2 | Identified the +6 scale mail of the True Pharaoh {Rampage}
 68578 | Depths:2 | Identified the +5 mace "Opliallo" {spect, rCorr Int+2}
 68776 | Depths:2 | Reached skill level 15 in Evocations
 68925 | Depths:2 | You fall into a shaft and drop 1 floor!
 69529 | Depths:3 | Received a gift from Trog
 69612 | Depths:3 | Reached skill level 15 in Throwing
 69965 | Depths:3 | Reached XP level 23. HP: 161/209 MP: 13/22
 70165 | Depths:3 | Identified the +4 scale mail "Komo" {rPois Int+2 Dex+3}
 70210 | Depths:3 | Found Orchoorang's Armour Shoppe.
 70217 | Depths:3 | Found a radiant altar of Vehumet.
 70419 | Depths:3 | Found a runed translucent door.
 70419 | Depths:3 | Found a shimmering altar of Xom.
 70419 | Depths:3 | Noticed Majang's ghost (veteran DjIE)
 70432 | Depths:3 | Killed Majang's ghost
 70590 | Depths:3 | Found a one-way gate leading to the halls of Pandemonium.
 70739 | Depths:3 | Identified the +4 kite shield "Haysak" {Fly}
 70742 | Depths:3 | Identified the +8 long sword of Ziossex {vorpal, Will+}
 71067 | Depths:3 | Found Quoroil's Jewellery Shop.
 71067 | Depths:3 | Found Lyobb's Book Emporium.
 71068 | Depths:3 | Found Ciqiser's Book Emporium.
 71168 | Depths:4 | Noticed the Enchantress
 71203 | Depths:3 | Killed the Enchantress
 71364 | Depths:3 | Received a gift from Trog
 71627 | Depths:4 | Found a hide-covered altar of Uskayaw.
 71790 | Depths:4 | Paralysed by a floating eye for 4 turns
 71791 | Depths:4 | Noticed a caustic shrike
 71794 | Depths:4 | HP: 2/192 [ice dragon/blast of cold (30)]
 71794 | Depths:4 | Slain by an ettin

Illustrated notes

Levels and vault maps discovered:
D:1:      shiori_arrival_elements, layout_loops_cross, basic_ecumenical_altar
D:2:      layout_basic
D:3:      layout_rooms, serial_shops, shop_fountains
D:4:      layout_basic, mainiacjoe_overflow_24_doors, hex_intersection
D:5:      layout_loops_cross, temple_statues, hangedman_decor_opposing
D:6:      layout_cave_pods, uniq_menkaure, uniq_prince_ribbit1
D:7:      cheibrodos_fertilizer, layout_loops_ring
D:8:      layout_layer_cave
D:9:      layout_basic, dpeg_lair_monsters
D:10:     minmay_firetagon, layout_grid_maze, minmay_orc_entry_guard_dogs,
          nicolae_wwwww, due_unseen_surprise
D:11:     layout_basic, uniq_harold, uniq_sonja
D:12:     layout_basic, uniq_nessos
D:13:     layout_grid_maze, uniq_josephine
D:14:     layout_basic, skrybe_vaults_entry_preservation,
          nicolae_elyvilon_peaceful_grove
D:15:     gammafunk_depths_entry_grave, layout_long_grid,
          nicolae_ru_awakened_eye, fedhas_altar_4
Temple:   nicolae_temple_the_god_donut
Lair:1:   layout_concentric_octagons, nicolae_quartered_pool_medium
Lair:2:   layout_cave_shapes
Lair:3:   layout_layer_cave, nicolae_swamp_entry_splash_gauntlet,
          guppyfry_snake_entry_island, uniq_urug
Lair:4:   layout_layer_cave, hellmonk_ghost_happy_afterlife,
          infiniplex_staircase_pool
Lair:5:   layout_roguey
Lair:6:   due_jungle_book, layout_gridlike, slime_altar_1
Swamp:1:  layout_falls_marsh, serial_swamp_ruin, evilmike_swamp_ruin_house_1,
          evilmike_swamp_ruin_house_6, evilmike_swamp_ruin_house_5, swamp_pool4
Swamp:2:  layout_basic_swamp, evilmike_swamp_ruin_rubble_2, swamp_pool5,
          nicolae_swamp_alligator_family
Swamp:3:  layout_basic_swamp, evilmike_swamp_ruin_wall, swamp_pool4,
          st_swamp_ruins_2
Swamp:4:  swamp, layout_basic_swamp
Snake:1:  layout_misc_corridors, serial_bayou_shore_a, uniq_asterion,
          uniq_aizul, uniq_azrael, uniq_jorgrun
Snake:2:  layout_rooms, serial_shops, nicolae_take_the_stairs,
          grunt_megastairs_2, uniq_vashnia
Snake:3:  layout_layer_cave, uniq_louise
Snake:4:  johnstein_snake_rune_scales, layout_grid_shapes
Orc:1:    layout_caves, elves_outpost_lemuel
Orc:2:    st_orc_town, layout_caves, nicolae_shop_firing_range
Elf:1:    eino_elf_arrival_the_gate, layout_gridlike, ebering_ghost_rock_garden,
          serial_shops, bzr_in_the_mist, hangedman_elven_crosses_minicolossus
Elf:2:    elven_hall_of_blades_hangedman_original
          [nicolae_blade_entry_sentries_behind_glass], layout_geoelf_octagon,
          portal_ice_cave_entry_dragon
Vaults:1: hangedman_vaults_corner, nicolae_vaults_octagons, vaults_room_boxed,
          nicolae_vaults_theta, nicolae_vaults_circle_grid_a,
          vaults_room_grunt_arrival_ludios, nicolae_vaults_mini_display_case,
          vaults_mumra_lcd, vaults_dpeg_encased_lava, vaults_room_grid,
          layout_vaults_ring, uniq_saint_roka
Vaults:2: vaults_standard_mumra_x, nicolae_vaults_windows_and_doors_thing,
          hangedman_vaults_nails, special_room_vaults [special_room_orc],
          v_misc_4, hangedman_vaults_cutoff, nicolae_vaults_specimen_jars,
          v_misc_4, layout_vaults_omnigrid, uniq_bai_suzhen, uniq_margery,
          uniq_frederick
Vaults:3: hangedman_vaults_locks, nicolae_vaults_angled_halls,
          vaults_room_fancy_cross, minmay_crypt_entry_simple_walls,
          vaults_mumra_minichess_inversion, v_misc_22, nicolae_vaults_alarming,
          vaults_room_grid, layout_vaults_omnicross, serial_shops,
          nicolae_shop_waterfront, nicolae_shop_behind_doors, shop
Vaults:4: nicolae_vaults_ninety_degrees, ontoclasm_vaults_ring_square,
          hangedman_vaults_variations, vaults_mumra_hexcomb, v_misc_4,
          hangedman_vaults_unwind, ontoclasm_vaults_misaligned, v_misc_26,
          nicolae_vaults_little_ls, vaults_room_stairs_pillars,
          vaults_room_ringed_pool, vaults_room_door_ring,
          hangedman_vaults_impose, nicolae_vaults_little_squares_2,
          vaults_room_semicircle, layout_vaults_maze, serial_shops, shop
Depths:1: layout_cave_pools, serial_shops, shop, shop, nicolae_diamond_shop,
          kennysheep_mini_moat, nicolae_square_shop, abyss_entry, hell_entry,
          grunt_qazlal_clouds
Depths:2: minmay_fractal_lines_corner, layout_cave_pools, hell_entry,
          gammafunk_ghost_necromancy, minmay_staircase_statues_hall_large
Depths:3: minmay_the_grid_octo_tiled_octocenter [minmay_the_grid_octo_77,
          minmay_the_grid_octo_empty, minmay_the_grid_octo_checkered,
          minmay_the_grid_octo_odd_swirl,
          minmay_the_grid_octo_prize_single_spiral,
          minmay_the_grid_square_5x5_fat_x, minmay_the_grid_square_5x5_comb,
          minmay_the_grid_square_5x5_pentomino_r,
          minmay_the_grid_square_5x5_hourglass], layout_cave_shapes,
          fiery_altar_vehumet, grunt_metal_band, serial_shops, shop,
          ebering_ghost_xom, rand_demon_pan_entry_7, minmay_staircase_statues,
          minmay_shop_grove, serial_bayou_shore_b
Depths:4: thingy_vault, layout_basic, enter_ziggurat_c,
          nicolae_uskayaw_dance_hall, abyss_entry, hell_entry,
          serial_bayou_shore_b, serial_bayou_shore_b, minmay_shoptagon,
          infiniplex_staircase_hallway_doors, uniq_enchantress

Skill      XL: |  1  2  3  4  5  6  7  8  9 10 11 12 13 14 15 16 17 18 19 20 21 22 |
---------------+-------------------------------------------------------------------+-----
Maces & Flails | 4 5 6 7 8 9 11 12 13 14 15 16 17 | 17.4
Fighting       | 4 5 6 7 8 9 10 11 12 13 14 15 16 17 18 | 18.3
Armour         | 3 4 5 6 7 8 9 10 11 12 13 14 15 16 17 18 | 18.2
Dodging        | 3 4 5 6 7 8 9 10 11 12 13 14 15 16 | 16.9
Axes           | 1 3 4 6 8 9 11 12 13 15 16 17 18 19 20 21 22 23 | 23.8
Throwing       | 2 3 4 6 7 8 9 10 11 12 13 14 15 | 15.3
Evocations     | 3 4 5 6 7 8 10 11 13 14 15 | 15.3

Action                   |  1- 3 |  4- 6 |  7- 9 | 10-12 | 13-15 | 16-18 | 19-21 | 22-24 || total
-------------------------+-------+-------+-------+-------+-------+-------+-------+-------++-------
Melee: Mace              |    54 |    49 |       |       |       |       |       |    20 ||   123
       Headbutt          |     7 |    15 |    24 |    88 |   164 |   245 |   260 |   131 ||   934
       War axe           |       |    24 |    26 |       |       |     8 |     7 |       ||    65
       Flail             |       |    24 |    13 |       |       |       |       |       ||    37
       Morningstar       |       |       |   142 |   105 |       |       |       |       ||   247
       Dire flail        |       |       |       |   307 |   399 |   509 |       |    10 ||  1225
       Broad axe         |       |       |       |    22 |    16 |       |       |       ||    38
       Great mace        |       |       |       |       |   385 |   570 |   660 |    48 ||  1663
       Battleaxe         |       |       |       |       |    21 |    35 |    76 |     4 ||   136
       Executioner's axe |       |       |       |       |       |       |   212 |   393 ||   605
Throw: Javelin           |       |       |     4 |     9 |     1 |     4 |     3 |       ||    21
       Dart              |       |       |       |    37 |    55 |       |       |       ||    92
       Boomerang         |       |       |       |    15 |    59 |    39 |    73 |    30 ||   216
Invok: Berserk           |     1 |     2 |     7 |     8 |     5 |     5 |     5 |     2 ||    35
       Trog's Hand       |       |       |       |     2 |       |     3 |     5 |       ||    10
       Brothers in Arms  |       |       |       |       |     2 |       |     1 |     3 ||     6
Evoke: Wand              |       |       |       |     2 |     2 |     2 |     2 |       ||     8
       Condenser vane    |       |       |       |       |       |     1 |     1 |     1 ||     3
       Box of beasts     |       |       |       |       |       |       |     1 |       ||     1
       Tin of tremorston |       |       |       |       |       |       |       |     2 ||     2
  Use: Scroll            |       |       |       |    24 |    10 |    11 |     2 |     7 ||    54
       Potion            |       |       |       |     3 |     6 |     9 |     1 |     3 ||    22
 Stab: Paralysed         |       |       |       |     1 |       |       |       |       ||     1
       Distracted        |       |       |       |       |       |     1 |       |     1 ||     2
       Invisible         |       |       |       |       |       |       |       |     1 ||     1
Armor: Ring mail         |     8 |       |       |       |       |       |       |       ||     8
       Scale mail        |     9 |    22 |       |       |    61 |   250 |   215 |       ||   557
       Chain mail        |       |    10 |    57 |       |       |       |       |       ||    67
       Plate armour      |       |       |     9 |   116 |   213 |       |       |       ||   338
       Skin              |       |       |       |       |       |     4 |       |       ||     4
       Ice dragon scales |       |       |       |       |       |    18 |    19 |       ||    37
       Storm dragon scal |       |       |       |       |       |       |   115 |   233 ||   348
Dodge: Dodged            |    35 |    87 |   145 |   189 |   453 |   712 |   574 |   384 ||  2579
Block: Other             |       |       |       |       |       |    15 |   153 |    42 ||   210
       Reflection        |       |       |       |       |       |       |    17 |     2 ||    19
